cohdb
Replays
Latest Replays
All Replays
Popular Replays
Top Player Replays
Match Explorer
How It Works
Community
CoH3 Stats
Reddit
Sign in to upload your games and track your stats! →
Sign in with Steam
brits vs dak twin beaches
Match 16288086
Overview
Messages
Build Orders
End
Royal Engineer Section
Construct Section Command Post
Infantry Section
Infantry Section
Vickers Machine Gun Team
Infantry Section
Construct Field Infirmary
Grenade Package
Construct Platoon Command Post
Unlock M3 Stuart Light Tanks
M3 Stuart Light Tank
Vickers Machine Gun Team
Construct Company Command Post
Crusader II Medium Tank
ML 3-inch Mortar Team
Selects Indian Artillery Battlegroup
Selects Valour
Selects Gurkha Rifles Section
Selects Volunteer Infantry
Gurkha Rifles Section
Selects Artillery Saturation
Selects Off-map Airburst Barrage
Off-map Airburst Barrage
6-pounder Anti-tank Gun Team
Matilda II Heavy Tank
Off-map Airburst Barrage
Crusader II Medium Tank
Off-map Airburst Barrage
silentbreacher
NorthWestFresh
0
0
Comments
sign in to comment!
No comments posted yet!